 Dungeon Crawl Stone Soup version 0.30.1-9-gdf580d7c3d (webtiles) character file.

Game seed: 10638096614564715192

922 Videorelaxant777 the Chopper (level 8, -2/61 HPs)
             Began as a Merfolk Chaos Knight on Oct 6, 2023.
             Was a Believer of Qazlal.
             Killed by nerve-wracking pain
             ... invoked by a shadow imp
              (5 damage)
             ... on level 5 of the Dungeon.
             The game lasted 00:30:32 (5855 turns).

Videorelaxant777 the Chopper (Merfolk Chaos Knight) Turns: 5855, Time: 00:30:32

Health: -2/61      AC: 10    Str: 14    XL:     8   Next: 10%
Magic:  8/8        EV: 12    Int: 12    God:    Qazlal [**....]
Gold:   204        SH:  3    Dex: 13    Spells: 7/7 levels left

rFire   . . .        a - +2 hand axe (chaos)
rCold   x . .        (no shield)
rNeg    . . .        o - +2 ring mail
rPois   .            (no helmet)
rElec   .            (no cloak)
rCorr   .            (no gloves)
SInv    .            n - +0 pair of boots
Will    .....        (no amulet)
Stlth   +            (no ring)
HPRegen 0.30/turn    (no ring)
MPRegen 0.11/turn

%: random rage (3%)
@: no status effects
A: (nimble swimmer 2), mertail, iridescent scales 1, berserk 1, cold
vulnerability 1, MP-powered wands
a: Renounce Religion, Upheaval


You were on level 5 of the Dungeon.
You worshipped Qazlal.
Qazlal was pleased with you.
You visited 2 branches of the dungeon, and saw 6 of its levels.
You also visited: Sewer.

You collected 204 gold pieces.

Inventory:

Hand Weapons
 a - a +2 hand axe of chaos (weapon)
 u - the +7 rapier "Ingykk" {heavy, Str+4}
   (You found it on level 5 of the Dungeon)

   Str:       It affects your strength (+4).
Armour
 b - a +2 leather armour
 n - a +0 pair of boots (worn)
 o - a +2 ring mail (worn)
Scrolls
 j - 2 scrolls of noise
 k - a scroll of amnesia
 l - a scroll of fog
 p - a scroll of poison
 q - a scroll of magic mapping
Potions
 d - a potion of degeneration
 e - 2 potions of mutation
 r - 5 potions of flight
 s - a potion of might {unknown}
Miscellaneous
 c - a piece from Xom's chessboard (15/15) (quivered)


   Skills:
 + Level 4.8 Fighting
 + Level 5.0 Axes
 + Level 3.1 Armour
 + Level 5.0 Dodging
 + Level 3.2 Stealth
 + Level 1.3 Shields
 + Level 0.2 Invocations


You had 7 spell levels left.
You didn't know any spells.
Your spell library contained the following spells:

 Spells                   Type           Power      Damage    Failure   Level
 Magic Dart               Conj           0%         1d3       54%         1
 Call Imp                 Summ           0%         N/A       69%         2
 Lesser Beckoning         Tloc           0%         N/A       69%         2
 Gell's Gravitas          Tloc           0%         N/A       89%         3
 Mephitic Cloud           Conj/Pois/Air  0%         N/A       89%         3
 Teleport Other           Tloc           0%         N/A       89%         3


Dungeon Overview and Level Annotations

Branches:
Dungeon (5/15)             Temple (1/1) D:4           Sewer (visited)

Altars:
Ashenzari
Cheibriados
Dithmenos
Elyvilon
Fedhas
Gozag
Hepliaklqana
Kikubaaqudgha
Makhleb
Nemelex Xobeh
Okawaru
Qazlal
Sif Muna
Trog
Uskayaw
Vehumet
Wu Jian
Zin
The Shining One

Shops:
D:3 (

Annotations:
D:4 1 transporter


Innate Abilities, Weirdness & Mutations

((You are very nimble when in or above water. (Stealth+, EV+, Speed+++)))
Your lower body shifts to a powerful aquatic tail in water.
You are partially covered in iridescent scales. (AC +2)
You sometimes lose your temper in combat.
You are vulnerable to cold. (rC-)
You expend magic power (3 MP) to strengthen your wands.


Message History

The ogre hits you with a +0 giant club!
* * * LOW HITPOINT WARNING * * *
You feel much better. The ogre hits you with a +0 giant club!
You block the shadow imp's attack.
You slash the ogre!
The ogre resists with some effort.
The ogre is heavily wounded.
You hit the shadow imp but do no damage.
The shadow imp barely misses you.
You hit the ogre.
The ogre suddenly stops moving!
The ogre is heavily wounded.
You hit the shadow imp. You burn the shadow imp.
The ogre is no longer paralysed.
The ogre barely misses you.
The shadow imp grins evilly.
The shadow imp misses you.
You hit the ogre. You burn the ogre.
The ogre is severely wounded.
You hit the shadow imp. The ogre hits you with a +0 giant club!
* * * LOW HITPOINT WARNING * * *
The shadow imp hits you.
* * * LOW HITPOINT WARNING * * *
Okay, then.
You hit the ogre. You burn the ogre.
You kill the ogre!
Qazlal accepts your kill.
You closely miss the shadow imp.
The shadow imp hits you but does no damage.
Your Axes skill increases to level 5!
Your Dodging skill increases to level 5!
You closely miss the shadow imp.
The shadow imp is heavily wounded.
The shadow imp closely misses you.
You closely miss the shadow imp.
The shadow imp is moderately wounded.
Your ogre zombie hits the shadow imp but does no damage.
The shadow imp closely misses you.
You hit the shadow imp but do no damage.
The shadow imp is moderately wounded.
The shadow imp gestures at you. Pain shoots through your body!
You die...

#..##.#***#.8..$#l_,,*,**,*
#..##..,,,.....$#.,,,*,**,*
###..#****###....$*,,,,*,,*,*
.....# #...8.,,*,_,,*,,,,*
.....######.#.##,**,,,,*,****
...............##**⌠,⌠,*,*
###########.#..Z###+####,*
#.#..†5.......,*
#....)@.....##**
#############


You could see a shadow imp (ally target) and a friendly ogre zombie.

Vanquished Creatures
  A sky beast (D:4)
  A black bear (D:5)
  An ogre (D:5)
  A gnoll sergeant (D:5)
  4 scorpions
  A hound (D:4)
  2 jellies (D:5)
  Natasha (D:3)
  A sleepcap (D:4)
  4 gnolls (D:5)
  8 adders
  2 river rats (Sewer)
  5 worms
  A dart slug (D:3)
  9 bats
  9 endoplasms
  3 giant cockroaches
  8 goblins
  3 hobgoblins (D:1)
  8 jackals
  2 kobolds
  7 quokkas
  7 ball pythons
  3 frilled lizards
  3 rats
95 creatures vanquished.

Vanquished Creatures (others)
  An iguana (D:5)
1 creature vanquished.

Grand Total: 96 creatures vanquished

Notes
Turn   | Place    | Note
-------+----------+-------------------------------------------
     0 | D:1      | Videorelaxant777 the Merfolk Chaos Knight began the quest
                  | for the Orb.
     0 | D:1      | Reached XP level 1. HP: 18/18 MP: 1/1
    32 | D:1      | XOM: potion effect (invisibility)
   195 | D:1      | Reached XP level 2. HP: 24/24 MP: 2/2
   226 | D:1      | Found a faded altar of an unknown god.
   256 | D:1      | Prayed at the altar of an unknown god.
   256 | D:1      | Fell from the grace of Xom
   256 | D:1      | Became a worshipper of Qazlal Stormbringer
   256 | D:1      | Reached * piety under Qazlal
   424 | D:2      | XOM: give mutations
   424 | D:2      | Gained mutation: You are partially covered in iridescent
                  | scales. (AC +2) [Xom's mischief]
   424 | D:2      | Gained mutation: You expend magic power (3 MP) to
                  | strengthen your wands. [Xom's mischief]
   453 | D:2      | Reached skill level 1 in Stealth
   453 | D:2      | Reached XP level 3. HP: 25/30 MP: 3/3
   496 | D:2      | Reached skill level 1 in Armour
   566 | D:2      | XOM: stat loss: -1 Str (13/14)
   830 | D:3      | Reached ** piety under Qazlal
   866 | D:3      | Found Hiovupunk's Weapon Boutique.
   950 | D:3      | Found a hazy altar of Hepliaklqana.
  1037 | D:3      | Found a hide-covered altar of Uskayaw.
  1078 | D:3      | XOM: summons 1 hostile demon
  1267 | D:3      | Noticed Natasha
  1275 | D:3      | Killed Natasha
  1276 | D:3      | Reached XP level 4. HP: 24/37 MP: 4/4
  1475 | D:3      | XOM: give mutations
  1475 | D:3      | Gained mutation: You sometimes lose your temper in combat.
                  | [Xom's mischief]
  1475 | D:3      | Gained mutation: You are vulnerable to cold. (rC-) [Xom's
                  | mischief]
  2180 | D:3      | XOM: draining
  4261 | D:4      | Noticed a sky beast
  4289 | D:4      | Killed a sky beast
  4290 | D:4      | Reached XP level 5. HP: 27/42 MP: 5/5
  4361 | D:4      | Reached XP level 6. HP: 42/48 MP: 6/6
  4365 | D:4      | Found a staircase to the Ecumenical Temple.
  4389 | Temple   | Entered the Ecumenical Temple
  4568 | D:4      | Found a blossoming altar of Fedhas.
  4568 | D:4      | Found an ornate altar of the Wu Jian Council.
  4568 | D:4      | Found a glowing silver altar of Zin.
  4570 | D:4      | Noticed a water moccasin
  4575 | D:4      | Noticed an ice beast
  4576 | D:4      | Found a transporter.
  4615 | D:5      | Entered Level 5 of the Dungeon
  4748 | D:5      | Reached XP level 7. HP: 31/55 MP: 7/7
  4830 | D:5      | Found a glowing golden altar of the Shining One.
  4832 | D:5      | Noticed an angel
  4942 | D:5      | Found a glowing drain.
  4951 | Sewer    | Entered a sewer
  4987 | Sewer    | XOM: polymorph frilled lizard -> adder
  5336 | Sewer    | Reached skill level 1 in Shields
  5767 | D:5      | Identified the +7 rapier "Ingykk" {heavy, Str+4}
  5817 | D:5      | XOM: 3-stop teleportation journey
  5847 | D:5      | Reached XP level 8. HP: 30/61 MP: 8/8
  5851 | D:5      | HP: 2/61 [shadow imp (3)]
  5853 | D:5      | Reached skill level 5 in Axes
  5853 | D:5      | Reached skill level 5 in Dodging
  5855 | D:5      | Killed from afar by a shadow imp

Illustrated notes

Levels and vault maps discovered:
D:1:      ncdulo_smallfort, layout_basic, ebering_ecumenical_altar_mist,
          minmay_tall_x
D:2:      layout_basic
D:3:      kennysheep_goblin_castle, layout_loops_corners,
          mainiacjoe_overflow_paths, nicolae_uskayaw_dance_hall, serial_shops,
          shop, minivault_27, uniq_natasha
D:4:      layout_cave_pools, gammafunk_temple_overflow_arena,
          minmay_temple_entry_sparse_star, fountainhead, chequers_avenue,
          due_unseen_surprise
D:5:      layout_loops_ring, grunt_temple_overflow_holy_war,
          jmf_multi_god_temple, portal_sewer_entry_d, bh_walls_and_bars
Temple:   nicolae_temple_x_marks_the_god

Skill      XL: |  1  2  3  4  5  6  7  8 |
---------------+-------------------------+-----
Dodging        | 3 4 5 |  5.0
Stealth        | 1 2 3 |  3.2
Armour         | 1 2 3 |  3.1
Axes           | 3 4 5 |  5.0
Fighting       | 4 |  4.8
Shields        | 1 |  1.3
Invocations    | |  0.2

Action                     |  1- 3 |  4- 6 |  7- 9 || total
---------------------------+-------+-------+-------++-------
  Melee: Hand axe          |   138 |    71 |   144 ||   353
         Punch             |     1 |     3 |     3 ||     7
         Tailslap          |       |       |     4 ||     4
 Invoke: Upheaval          |       |       |     2 ||     2
    Use: Potion            |     3 |     1 |     3 ||     7
         Scroll            |       |       |    11 ||    11
   Stab: Invisible         |     1 |       |       ||     1
         Sleeping          |     1 |       |       ||     1
         Petrified         |     7 |       |     1 ||     8
 Armour: Leather armour    |    41 |       |       ||    41
         Ring mail         |       |    26 |    80 ||   106
  Dodge: Dodged            |   120 |    51 |   138 ||   309
  Block: Other             |     7 |     9 |    21 ||    37
